 Dungeon Crawl Stone Soup version 0.31-a0-133-gaae73658be (webtiles) character file.

Game seed: 5816301294395793696

858 timneilson the Shield-Bearer (level 8, -6/48 HPs)
             Began as a Gargoyle Fighter on June 2, 2023.
             Mangled by Menkaure (15 damage)
             ... on level 3 of the Dungeon.
             The game lasted 00:06:39 (3537 turns).

timneilson the Shield-Bearer (Gargoyle Fighter)     Turns: 3537, Time: 00:06:40

Health: -6/48      AC: 24    Str: 19    XL:     8   Next: 2%
Magic:  8/8        EV:  8    Int: 10    God:
Gold:   143        SH:  5    Dex: 11    Spells: 7/7 levels left

rFire   + . .        a - +0 long sword (protect)
rCold   . . .        c - +0 buckler
rNeg    + . .        i - +0 chain mail {rF+}
rPois   ∞            f - +1 helmet
rElec   +            (no cloak)
rCorr   .            (no gloves)
SInv    .            (no boots)
Will    .....        (no amulet) Stlth
                     (no ring)
HPRegen 0.28/turn    (no ring)
MPRegen 0.11/turn

%: no passive effects
@: under a protective aura
A: sickness immunity, AC +5, negative energy resistance 1, electricity
resistance, torment resistance 1, petrification resistance
a: no special abilities


You were on level 3 of the Dungeon.
You visited 1 branch of the dungeon, and saw 6 of its levels.

You collected 143 gold pieces.

Inventory:

Hand Weapons
 a - a +0 long sword of protection (weapon)
Armour
 c - a +0 buckler (worn)
 f - a +1 helmet (worn)
 i - a +0 chain mail of fire resistance (worn)
Wands
 k - a wand of roots (3)
 p - a wand of flame (12)
Scrolls
 b - a scroll of amnesia {unknown}
 h - a scroll of noise {unknown}
 l - a scroll of fear
 m - 2 scrolls of magic mapping {unknown}
 o - a scroll of teleportation {unknown}
Potions
 d - a potion of might
 e - a potion of mutation
 g - 2 potions of heal wounds
 j - 2 potions of attraction


   Skills:
 + Level 4.7 Fighting
 * Level 4.2 Long Blades
 * Level 5.7 Armour
 + Level 2.1 Dodging
 * Level 5.8 Shields
 + Level 1.0 Evocations


You had 7 spell levels left.
You didn't know any spells.
Your spell library contained the following spells:

 Spells                   Type           Power      Damage    Failure   Level
 Lesser Beckoning         Tloc           0%         N/A       99%         2
 Gell's Gravitas          Tloc           0%         N/A       100%        3
 Teleport Other           Tloc           0%         N/A       100%        3


Dungeon Overview and Level Annotations

Branches:
Dungeon (6/15)
 Temple: D:4-7

Altars:

Shops:
D:4 ?

Annotations:
D:3 3 runed translucent doors, Iich's ghost, amateur DsFi; Menkaure


Innate Abilities, Weirdness & Mutations

You are immune to sickness and miasma.
Your stone body is resilient. (AC +5)
You are immune to poison.
You resist negative energy. (rN+)
You are resistant to electric shocks. (rElec)
You are resistant to unholy torment.
You are immune to petrification.


Message History

The adder is heavily wounded.
The adder barely misses you. The adder closely misses you.
You slash the adder!
You kill the adder!
Menkaure hits you.
You slash Menkaure!
Menkaure is moderately damaged.
Menkaure barely misses you.
You slash Menkaure!
Menkaure is severely damaged.
You block Menkaure's attack.
Menkaure calls on the powers of darkness!
Your body is wracked with pain!
You hit Menkaure.
Menkaure is severely damaged.
Menkaure calls on the powers of darkness!
Your body is wracked with pain!
You hit Menkaure.
Menkaure is almost destroyed.
Menkaure hits you!
* * * LOW HITPOINT WARNING * * *
Menkaure calls on the powers of darkness!
Your body is wracked with pain!
* * * LOW HITPOINT WARNING * * *
You closely miss Menkaure.
Menkaure is almost destroyed.
Menkaure calls on the powers of darkness!
Your body is wracked with pain!
* * * LOW HITPOINT WARNING * * *
Unknown command.
You feel better. Menkaure closely misses you.
You hit Menkaure.
Menkaure is almost destroyed.
Menkaure is no longer moving quickly.
Menkaure hits you but does no damage. Menkaure hits you!
* * * LOW HITPOINT WARNING * * *
You barely miss Menkaure.
Menkaure is almost destroyed.
Menkaure hits you!
You die...

...........#####
##.######### #.#
#.# #.#
######### #.#
#.......#
#.#####
#.#####.#
##.#...# #.# #.#
.....#.###.###
#@#
##.#.........#
#M#
#...######.#.#
#.# .....#
#.#.###.# #...##
#.......# ##.##
###.##### #.#
#....# #.#
#..#.# ##'##
#..#.#


You could see Menkaure.

Vanquished Creatures
  Grinder (D:3)
  Sigmund (D:2)
  An ice beast (D:5)
  2 scorpions
  An orc priest (D:4)
  A gnoll bouda (D:4)
  Natasha (D:4)
  5 gnolls (D:4)
  5 adders
  A white imp (D:6)
  2 worms
  2 dart slugs
  3 orcs (D:4)
  5 ball pythons
  7 bats
  4 endoplasms
  4 giant cockroaches
  6 goblins
  9 hobgoblins
  4 jackals (D:3)
  5 kobolds
  6 quokkas
  3 frilled lizards
  8 rats
87 creatures vanquished.

Notes
Turn   | Place    | Note
-------+----------+-------------------------------------------
     0 | D:1      | timneilson the Gargoyle Fighter began the quest for the
                  | Orb.
     0 | D:1      | Reached XP level 1. HP: 14/14 MP: 1/1
   126 | D:1      | Reached XP level 2. HP: 17/19 MP: 2/2
   582 | D:1      | Reached XP level 3. HP: 21/23 MP: 3/3
   910 | D:2      | Found a faded altar of an unknown god.
  1010 | D:2      | Reached XP level 4. HP: 28/28 MP: 4/4
  1064 | D:2      | Noticed Sigmund
  1075 | D:2      | Killed Sigmund
  1076 | D:2      | Reached skill level 1 in Dodging
  1076 | D:2      | Reached XP level 5. HP: 16/33 MP: 5/5
  1076 | D:2      | Reached XP level 6. HP: 19/38 MP: 6/6
  1932 | D:3      | Noticed Grinder
  1950 | D:3      | Paralysed by Grinder for 2 turns
  1955 | D:3      | Paralysed by Grinder for 5 turns
  1966 | D:3      | Killed Grinder
  1967 | D:3      | Reached skill level 5 in Armour
  1967 | D:3      | Reached skill level 5 in Shields
  1967 | D:3      | Reached XP level 7. HP: 24/43 MP: 7/7
  2312 | D:3      | Noticed Iich's ghost (amateur DsFi)
  2319 | D:3      | Found a runed translucent gate.
  2319 | D:3      | Found a runed translucent gate.
  2319 | D:3      | Found a runed translucent gate.
  2925 | D:4      | Noticed Natasha
  3174 | D:4      | Found Couni Wefi's Magic Scroll Shoppe.
  3181 | D:4      | You fall into a shaft and drop 2 floors!
  3227 | D:5      | Entered Level 5 of the Dungeon
  3360 | D:4      | Identified the +4 trident of Mecraov {antimagic, Dex+2}
  3408 | D:4      | Killed Natasha
  3409 | D:4      | Reached XP level 8. HP: 36/48 MP: 4/8
  3445 | D:4      | Reached skill level 1 in Evocations
  3515 | D:4      | Noticed Menkaure
  3537 | D:3      | Mangled by Menkaure

Illustrated notes

Levels and vault maps discovered:
D:1:      dpeg_arrival_triangle_fractal, layout_basic, st_stairs_14
D:2:      layout_basic, hellmonk_ecumenical_altar_heavens_door,
          minmay_fractal_squares_gapless_5, uniq_sigmund
D:3:      layout_loops_corners, gammafunk_ghost_split, uniq_grinder
D:4:      layout_rooms, serial_shops, shop, uniq_menkaure, uniq_natasha
D:5:      lemuel_ratsnest, layout_gridville, minmay_temple_entry_from_below_a,
          goddamned_bats, uniq_eustachio
D:6:      layout_cave_pools, elyvilon_altar_1, overflow_temple_1_default,
          ebering_ghost_sewer_f

Skill      XL: |  1  2  3  4  5  6  7  8 |
---------------+-------------------------+-----
Long Blades    | 2 3 4 |  4.2
Fighting       | 4 |  4.7
Armour         | 4 5 |  5.7
Dodging        | 1 2 |  2.1
Shields        | 4 5 |  5.8
Evocations     | 1 |  1.0

Action                     |  1- 3 |  4- 6 |  7- 9 || total
---------------------------+-------+-------+-------++-------
  Melee: Long sword        |   111 |    65 |   231 ||   407
    Use: Scroll            |     1 |     2 |     4 ||     7
         Potion            |       |     1 |     2 ||     3
 Armour: Scale mail        |    68 |       |       ||    68
         Chain mail        |     9 |    29 |   138 ||   176
  Dodge: Dodged            |    50 |    18 |   114 ||   182
  Block: Buckler           |    26 |    12 |    80 ||   118

Table legend: (Time is in decaauts)
 A = Elapsed time spent in this place.
 B = Non-inter-level travel time spent in this place.
 C = Inter-level travel time spent in this place.
 D = Time resting spent in this place.
 E = Time spent auto-exploring this place.
 F = Levels seen in this place.
 G = Mean time per level.
                   A        B        C        D        E       F      G
               +--------+--------+--------+--------+--------+-----+--------+
         Total |   3658 |   3583 |     75 |     28 |   2484 |   6 |  609.7 |
       Dungeon |   3658 |   3583 |     75 |     28 |   2484 |   6 |  609.7 |
               +--------+--------+--------+--------+--------+-----+--------+

Top non-repeatable levels by time:
     D:3: 1161 daAuts
     D:2: 1150 daAuts
     D:1: 733 daAuts
     D:4: 447 daAuts
     D:5: 118 daAuts
     D:6: 46 daAuts
